 Dungeon Crawl Stone Soup version bcrawl-1.14 (webtiles) character file.

Game seed: 3569478727377376842

14821 MisterOstroum the Fighter (level 11, -5/119 HPs)
             Began as a Troll Chaos Knight on Sept 6, 2019.
             Was a Plaything of Xom.
             Succumbed to a redback's poison
             ... on level 2 of the Lair of Beasts.
             The game lasted 00:31:13 (10784 turns).

MisterOstroum the Fighter (Troll Chaos Knight)     Turns: 10784, Time: 00:31:14

Health: -5/119     AC: 10    Str: 21      XL:     11   Next: 93%
Magic:  13/13      EV: 14    Int:  3 (5)  God:    Xom [..*...]
Gold:   295        SH:  0    Dex: 15      Spells: 9/10 levels left

rFire    + . .     SeeInvis .     - Unarmed
rCold    x . .     Gourm    +   (no shield)
rNeg     + . .     Faith    .   (armour unavailable)
rPois    +         Spirit   .   (helmet restricted)
rElec    .         Reflect  .   n - +0 cloak
rCorr    .         Harm     .   (gloves unavailable)
MR       +....     Rnd*Rage +   (boots unavailable)
Stlth    +.........             (no amulet)
HPRegen  0.69/turn              h - ring "Moarr" {Fire rN+ Str-2 Dex+6}
MPRegen  0.13/turn              r - ring of poison resistance

@: lethally poisoned (-5 -> -125)
A: large, almost no armour, unfitting armour, antennae 1, claws 3, berserk 1,
clumsy 1, deterioration 1, dopey 2, fast metabolism 3, gourmand, magic
resistance 1, regeneration 1, MP-powered wands, AC +9
a: Renounce Religion


You were on level 2 of the Lair of Beasts.
You worshipped Xom.
You were a toy of Xom.
You were full.

You visited 3 branches of the dungeon, and saw 12 of its levels.
You also visited: Sewer and Volcano.

You collected 589 gold pieces.
You spent 294 gold pieces at shops.

Inventory:

Hand Weapons
 a - a +0 mace of chaos
 y - a +0 blowgun
 G - a +2 demon trident of flaming
 H - a +3 lajatang of flaming
Missiles
 b - 1872 stones (quivered)
 g - 71 exploding tomahawks
 m - a throwing net {!f!f}
 z - 227 poisoned needles
 A - 107 tomahawks
Armour
 n - a +0 cloak (worn)
 K - a +2 cloak
Magical Staves
 l - an uncursed staff of wizardry {unknown}
Jewellery
 h - the ring "Moarr" (left claw) {Fire rN+ Str-2 Dex+6}
   (Xom gifted it to you on level 7 of the Dungeon)

   [ring of fire]

   It enhances your fire magic.
   It affects your strength (-2).
   It affects your dexterity (+6).
   It protects you from fire.
   It makes you vulnerable to cold.
   It protects you from negative energy.
 j - an uncursed ring of insulation
 r - a ring of poison resistance (right claw)
Wands
 c - a wand of iceblast (6)
 f - a wand of flame (5)
 L - a wand of enslavement (4)
Scrolls
 i - a scroll of enchant weapon
 k - 6 scrolls of teleportation {@r3 !r}
 o - 2 scrolls of fog
 q - a scroll of immolation
 s - 2 scrolls of magic mapping
 w - a scroll of fear {!r}
 x - 2 scrolls of remove curse {@r2}
 B - 3 scrolls of blinking {@r4}
 D - 2 scrolls of amnesia {unknown}
 E - a scroll of vulnerability
 J - a scroll of enchant armour {unknown}
 M - a scroll of identify {@r1}
Potions
 d - a potion of mutation
 p - 7 potions of curing {@q1 !q}
 t - 4 potions of haste {@q4 !q}
 u - a potion of cancellation
 v - 4 potions of might {@q3 !q}
 C - a potion of lignification {unknown}
 F - 4 potions of heal wounds {@q2 !q}
 I - 2 potions of berserk rage {unknown}
 N - a potion of flight {unknown}
Comestibles
 e - 25 rations {!d}


   Skills:
 - Level 10.6 Fighting
 - Level 3.0 Maces & Flails
 + Level 5.2 Throwing
 + Level 6.5 Dodging
 - Level 10.0 Unarmed Combat
 + Level 4.7 Evocations


You had 9 spell levels left.
You knew the following spells:

 Your Spells              Type           Power        Failure   Level  Hunger
a - Sandblast             Erth           #.....       52%         1    ##.....

Your spell library contained the following spells:

 Spells                   Type           Power        Failure   Level  Hunger
 Beastly Appendage        Tmut           #.....       52%         1    ##.....
 Magic Dart               Conj           #...         52%         1    ##.....
 Shock                    Conj/Air       #....        52%         1    ##.....
 Slow                     Hex            #.......     52%         1    ##.....
 Blink                    Tloc           N/A          67%         2    ###....
 Call Imp                 Summ           #.......     67%         2    ###....
 Passwall                 Tmut/Erth      #.......     67%         2    ###....
 Sticks to Snakes         Tmut           #.......     67%         2    ###....
 Swiftness                Chrm/Air       #.......     67%         2    ###....
 Conjure Flame            Conj/Fire      #.......     88%         3    ####...
 Mephitic Cloud           Conj/Pois/Air  #.......     88%         3    ####...
 Spider Form              Tmut/Pois      #..          88%         3    ####...
 Static Discharge         Air            #.......     88%         3    ####...
 Stone Arrow              Conj/Erth      #.....       88%         3    ####...
 Airstrike                Air            #.........   99%         4    #####..
 Ice Form                 Ice/Tmut       #.......     99%         4    #####..
 Petrify                  Tmut/Erth      #.......     99%         4    #####..
 Blade Hands              Tmut           #.........   100%        5    ######.
 Lee's Rapid Deconstruct  Erth           #.........   100%        5    ######.
 Lightning Bolt           Conj/Air       #.........   100%        5    ######.


Dungeon Overview and Level Annotations

Branches:
Dungeon (8/12)             Temple (1/1) D:7            Lair (3/6) D:7
  Swamp (0/3) Lair:2
  Snake: Lair:2-4    Spider: Lair:2-4       Orc: D:8-11

Altars:
Ashenzari
Cheibriados
Dithmenos
Fedhas
Gozag
Hepliaklqana
Kikubaaqudgha
Lugonu
Makhleb
Nemelex Xobeh
Okawaru
Qazlal
Ru
Sif Muna
Trog
Uskayaw
Vehumet
Wu Jian
Xom
Yredelemnul
Zin
The Shining One

Shops:
D:5 [   D:6 !=![:

Annotations:
Lair:2 exclusion: 2 oklob plants


Innate Abilities, Weirdness & Mutations

You cannot wear most types of armour.
Your thick skin is tough. (AC +9)
You are too large for most types of armour.
You have claws for hands.
Your metabolism is lightning-fast.
You like to eat raw meat.
Your natural rate of healing is unusually fast.
You have a pair of small antennae on your head.
You tend to lose your temper in combat.
You are clumsy. (Dex -2)
Your body sometimes deteriorates upon taking damage.
You are very dopey. (Int -4)
You are resistant to hostile enchantments. (MR+)
You expend magic power (3 MP) to strengthen your wands.


Message History

Partly explored, can't reach some places.
Partly explored, can't reach some places.
Partly explored, can't reach some places.
Partly explored, can't reach some places.
(D) Dungeon (T) Temple (L) Lair (S) Swamp
Where to? (Enter - Lair:2, ? - help)
There is a stone staircase leading down here.
You climb downwards.
Xom makes a sudden noise!
You hear a muffled joke.
You hear a croak.
Found a potion of agility, a ration, a ring mail and a scimitar.
Found a stone staircase leading down.
There is a stone staircase leading up here.
No target in view!
A redback comes into view.
A redback is nearby!
A redback is nearby!
Throwing (i - inventory. (/) - cycle)
b - 1876 stones (quivered)
Press: ? - help, Shift-Dir - straight line, f - redback
Aim: a redback You throw a stone.
The stone hits the redback but does no damage.
A redback comes into view.
Throwing (i - inventory. (/) - cycle)
b - 1875 stones (quivered)
Press: ? - help, Shift-Dir - straight line, f/p - redback
Aim: a redback You throw a stone.
The stone hits the redback.
The redback is lightly wounded.
Throwing (i - inventory. (/) - cycle)
b - 1874 stones (quivered)
Press: ? - help, Shift-Dir - straight line, f/p - redback
Aim: a redback (lightly wounded)
You throw a stone.
The stone completely misses the redback.
A cane toad comes into view.
Throwing (i - inventory. (/) - cycle)
b - 1873 stones (quivered)
Press: ? - help, Shift-Dir - straight line, f/p - redback
Aim: a redback (lightly wounded)
You throw a stone. The stone closely misses the redback.
The cane toad croaks. "This is how I like it!"
You swap places with the redback.
A porcupine comes into view.
You barely miss the redback. You claw the redback.
The redback is lightly wounded.
The redback completely misses you.
You closely miss the redback.
The redback is lightly wounded.
The redback bites you! The redback bites you. x2
You are poisoned.
The redback poisons you!
You feel very sick. The redback barely misses you. The redback bites you.
There is a stone staircase leading up here.
You feel very sick.
Xom's power touches on a nearby monster.
The porcupine seems to slow down.
You are now a toy of Xom.
The redback bites you but does no damage.
The redback bites you.
You are more poisoned.
The redback poisons you! The cane toad closely misses you.
You climb upwards.
Level annotation: exclusion: 2 oklob plants You feel extremely sick.
There is a stone staircase leading down here.
You barely miss the redback.
The redback is lightly wounded.
You feel very sick.
The redback bites you. x2; The cane toad misses you.
The redback barely misses you.
You scratch the cane toad.
The cane toad is lightly wounded.
You feel very sick. The redback bites you!
You are lethally poisoned!
The redback poisons you! The redback bites you. The cane toad hits you.
You scratch the cane toad.
The cane toad is moderately wounded.
You feel extremely sick. The redback barely misses you. The redback bites you.
The cane toad closely misses you. The redback bites you!
You are more poisoned.
The redback poisons you!
You scratch the cane toad.
The cane toad is moderately wounded.
* * * LOW HITPOINT WARNING * * *
You feel extremely sick.
Xom makes a sudden noise!
You hear strange voices.
The redback bites you but does no damage.
The redback closely misses you. The cane toad hits you!!
* * * LOW HITPOINT WARNING * * *
You eviscerate the cane toad!!!
You kill the cane toad!
* * * LOW HITPOINT WARNING * * *
You feel extremely sick.
The redback bites you but does no damage.
The redback bites you.
* * * LOW HITPOINT WARNING * * *
You die...
Xom bursts into laughter!

#P...........# #P
###........### ###.
#.........########.#.
#......#......#..#...
#....................
#..............#....#
#..#ss.........##....
#.P#>###......####.#P
##.##@######P.########
#P.##.##.######.##.#P.
##....................
#####################


You could see 2 redbacks.

Vanquished Creatures
  A hydra (Lair:2)
  A fire crab (Volcano)
  An unseen horror (D:7)
  Pikel (D:6)
  2 lindwurms
  A deep elf mage (D:7)
  4 cane toads
  A black mamba (Lair:2)
  2 komodo dragons
  A troll (D:7)
  5 bog bodies (Lair:2)
  3 hippogriffs
  Sigmund (D:3)
  A human (D:7)
  7 yaks
  7 fire bats (Volcano)
  4 hogs (D:7)
  3 steam dragons (Volcano)
  An acid dragon (Lair:2)
  4 water moccasins
  3 porcupines
  An orc warrior (D:7)
  2 sky beasts
  An eye of draining (D:7)
  2 centaurs
  4 ogres
  6 wolves
  3 crocodiles (Lair:2)
  7 bullfrogs
  2 big kobolds
  A water moccasin skeleton (D:5)
  A killer bee (D:7)
  3 electric eels
  A howler monkey (D:6)
  8 lava snakes (Volcano)
  A crimson imp (D:6)
  2 centaur zombies
  8 hounds
  2 orc priests
  5 orc wizards
  3 bullfrog skeletons
  3 iguanas
  6 worker ants
  A hound zombie (D:7)
  2 hound skeletons
  6 gnolls
  6 adders
  A shadow imp (D:5)
  9 oozes
  An adder zombie (D:5)
  2 worms
  An adder skeleton (D:4)
  A dart slug (D:2)
  6 leopard geckos
  13 orcs
  2 bats (D:1)
  4 giant cockroaches
  8 goblins
  15 hobgoblins
  6 jackals
  19 kobolds
  A quokka (D:7)
  2 ball pythons (Sewer)
  6 frilled lizards
  A jackal skeleton (D:4)
  A quokka skeleton (D:6)
  4 rats
244 creatures vanquished.

Vanquished Creatures (collateral kills)
  A gnoll (D:2)
  A worm (Sewer)
  An orc (D:3)
  A ball python (Sewer)
  A bat (D:3)
5 creatures vanquished.

Vanquished Creatures (others)
  A wolf (D:7)
  A hound (D:7)
  2 plants (Lair:2)
4 creatures vanquished.

Grand Total: 253 creatures vanquished

Notes
Turn   | Place    | Note
-------+----------+-------------------------------------------
     0 | D:1      | MisterOstroum the Troll Chaos Knight began the quest for
                  | the Orb.
     0 | D:1      | Reached XP level 1. HP: 22/22 MP: 0/0
   133 | D:1      | XOM: silly message
   167 | D:1      | Reached skill level 1 in Unarmed Combat
   243 | D:1      | Reached XP level 2. HP: 27/29 MP: 1/1
   331 | D:1      | XOM: harmless Summ miscast
   339 | D:1      | XOM: harmless Erth miscast
   473 | D:1      | Reached XP level 3. HP: 34/37 MP: 2/2
   499 | D:1      | XOM: scenery: create altars
   739 | D:1      | XOM: mild Hex miscast
  1188 | D:2      | XOM: god gift: 21 gold pieces
  1323 | D:2      | XOM: summons 2 friendly demons
  1342 | D:2      | Gained mutation: Your natural rate of healing is unusually
                  | fast. [Troll growth]
  1342 | D:2      | Reached XP level 4. HP: 9/45 MP: 3/3
  1594 | D:2      | XOM: polymorph kobold -> leopard gecko
  1936 | D:3      | Noticed Sigmund
  1958 | D:3      | XOM: cleaving
  1959 | D:3      | XOM: confuse monster(s)
  1963 | D:3      | XOM: summons friendly shadow imp
  1965 | D:3      | Killed Sigmund
  1965 | D:3      | Reached XP level 5. HP: 54/55 MP: 4/4
  1974 | D:3      | XOM: smoke on damage
  2090 | D:3      | Reached XP level 6. HP: 63/63 MP: 5/5
  2098 | D:3      | XOM: divination: magic mapping
  2214 | D:3      | Found a sparkling altar of Nemelex Xobeh.
  2215 | D:3      | XOM: harmless Ice miscast
  2218 | D:3      | Found an iron altar of Okawaru.
  2244 | D:3      | XOM: mild Necr miscast
  2458 | D:3      | Reached skill level 5 in Fighting
  2746 | D:4      | Found a glowing golden altar of the Shining One.
  2750 | D:4      | Noticed a hippogriff
  2762 | D:4      | Killed a hippogriff
  2762 | D:4      | Reached skill level 5 in Unarmed Combat
  2762 | D:4      | Reached XP level 7. HP: 50/72 MP: 6/6
  2787 | D:4      | XOM: give mutation
  2787 | D:4      | Gained mutation: You are frail. (-10% HP) [Xom's mischief]
  2832 | D:4      | XOM is BORED!
  2832 | D:4      | XOM: give mutation
  2832 | D:4      | Gained mutation: Scrolls take you a little longer to read.
                  | [Xom's mischief]
  2846 | D:4      | Reached skill level 1 in Throwing
  2974 | D:4      | XOM: blink monster(s)
  3347 | D:5      | Entered Level 5 of the Dungeon
  3374 | D:5      | XOM: give mutations
  3374 | D:5      | Gained mutation: You are very frail. (-20% HP) [Xom's
                  | mischief]
  3374 | D:5      | Gained mutation: Your spells are a little easier to cast,
                  | but a little less powerful. [Xom's mischief]
  3374 | D:5      | Gained mutation: You are extremely frail. (-30% HP) [Xom's
                  | mischief]
  3433 | D:5      | Found a glowing drain.
  3447 | D:5      | XOM: snakes to sticks
  3464 | Sewer    | Entered a sewer
  3476 | Sewer    | XOM: give mutation
  3476 | Sewer    | Lost mutation: Scrolls take you a little longer to read.
                  | [Xom's mischief]
  3637 | Sewer    | XOM: medium Tmut miscast
  3650 | Sewer    | XOM: give mutations
  3650 | Sewer    | Gained mutation: You expend magic power (3 MP) to
                  | strengthen your wands. [Xom's mischief]
  3650 | Sewer    | Lost mutation: You are extremely frail. (-30% HP) [Xom's
                  | mischief]
  3650 | Sewer    | Gained mutation: You are extremely frail. (-30% HP) [Xom's
                  | mischief]
  3849 | Sewer    | Lost mutation: You expend magic power (3 MP) to strengthen
                  | your wands. [potion of mutation]
  3849 | Sewer    | Lost mutation: You are extremely frail. (-30% HP) [potion
                  | of mutation]
  3849 | Sewer    | Lost mutation: Your spells are a little easier to cast, but
                  | a little less powerful. [potion of mutation]
  3849 | Sewer    | Lost mutation: You are very frail. (-20% HP) [potion of
                  | mutation]
  3849 | Sewer    | Gained mutation: You are dopey. (Int -2) [potion of
                  | mutation]
  3849 | Sewer    | Gained mutation: You are very frail. (-20% HP) [potion of
                  | mutation]
  3849 | Sewer    | Gained mutation: You are resistant to hostile enchantments.
                  | (MR+) [potion of mutation]
  3925 | D:5      | XOM: summons friendly ufetubus
  3963 | D:5      | XOM: summons friendly shadow imp
  3967 | D:5      | Reached XP level 8. HP: 47/64 MP: 7/7
  4041 | D:5      | XOM: polymorph shadow imp -> quasit
  4096 | D:5      | XOM: fake destruction
  4207 | D:5      | XOM: scenery: create altars
  4254 | D:5      | Found Kienleno's Armour Emporium.
  4269 | D:5      | Found an iron altar of Okawaru.
  4348 | D:5      | XOM: cleaving
  4404 | D:5      | XOM: summons 4 hostile demons
  4702 | D:5      | XOM: give mutations
  4702 | D:5      | Gained mutation: You tend to lose your temper in combat.
                  | [Xom's mischief]
  4702 | D:5      | Gained mutation: You are clumsy. (Dex -2) [Xom's mischief]
  4792 | D:5      | XOM: god gift: 82 exploding tomahawks
  4827 | D:6      | Found Foost's Distillery.
  4838 | D:6      | Bought a potion of heal wounds for 70 gold pieces
  4838 | D:6      | Bought a potion of haste for 140 gold pieces
  4838 | D:6      | Bought a potion of curing for 42 gold pieces
  4838 | D:6      | Bought a potion of curing for 42 gold pieces
  4842 | D:6      | Found Ivay's Book Boutique.
  4871 | D:6      | Found Asoticle's Antique Armour Boutique.
  4885 | D:6      | XOM: destruction
  4921 | D:6      | XOM: scenery: 2 doors open
  5015 | D:6      | XOM: confuse monster(s)
  5045 | D:6      | XOM: divination: detect creatures
  5069 | D:6      | Found Nisextux's Jewellery Boutique.
  5263 | D:6      | Found Gaevoxic's Distillery.
  5273 | D:6      | Noticed Pikel
  5281 | D:6      | Killed Pikel
  5281 | D:6      | Reached XP level 9. HP: 73/73 MP: 8/8
  5295 | D:6      | XOM: 1-stop teleportation journey
  5333 | D:6      | XOM: cloud trail
  5411 | D:6      | XOM: god gift: lead wand {god gift}
  5632 | D:6      | Reached skill level 1 in Evocations
  5758 | D:6      | XOM: scenery: 2 doors close
  5966 | D:7      | Found a radiant altar of Vehumet.
  5994 | D:7      | XOM: destruction
  6117 | D:7      | XOM: scenery: create altars
  6126 | D:7      | Found a staircase to the Lair.
  6128 | D:7      | XOM: 5-stop teleportation journey
  6226 | D:7      | Reached skill level 5 in Dodging
  6274 | D:7      | XOM: god gift: pitted pewter ring {god gift}
  6275 | D:7      | Got a pitted pewter ring {god gift}
  6277 | D:7      | Identified the ring "Moarr" {Fire rN+ Str-2 Dex+6} (Xom
                  | gifted it to you on level 7 of the Dungeon)
  6288 | D:7      | Found a shattered altar of Ashenzari.
  6339 | D:7      | Reached XP level 10. HP: 78/81 MP: 11/11
  6416 | D:7      | XOM: potion effect (agility)
  6559 | D:7      | Found a staircase to the Ecumenical Temple.
  6681 | Temple   | Entered the Ecumenical Temple
  6688 | Temple   | XOM: god gift: weird glowing staff {god gift}
  7021 | D:7      | Killed an unseen horror
  7311 | D:8      | XOM: enchant monster (good)
  7369 | D:8      | Noticed a deep elf mage
  7369 | D:8      | Noticed a deep elf mage
  7373 | D:8      | Noticed a red ugly thing
  7379 | D:7      | XOM: confuse monster(s)
  7381 | D:7      | Killed a deep elf mage
  7454 | Lair:1   | Entered Level 1 of the Lair of Beasts
  7464 | Lair:1   | XOM: destruction
  7517 | Lair:1   | Noticed a cane toad
  7521 | Lair:1   | XOM: confuse monster(s)
  7522 | Lair:1   | XOM: cast spell 'Summon Butterflies'
  7539 | Lair:1   | XOM: potion effect (heal wounds)
  7550 | Lair:1   | Killed a cane toad
  7550 | Lair:1   | Reached skill level 10 in Unarmed Combat
  7555 | Lair:1   | Learned a level 1 spell: Sandblast
  7627 | Lair:1   | XOM: give mutations
  7627 | Lair:1   | Gained mutation: You expend magic power (3 MP) to
                  | strengthen your wands. [Xom's grace]
  7627 | Lair:1   | Lost mutation: You are very frail. (-20% HP) [Xom's grace]
  7627 | Lair:1   | Gained mutation: You have a pair of small antennae on your
                  | head. [Xom's grace]
  7654 | Lair:1   | XOM: destruction
  7705 | Lair:1   | XOM: mild Summ miscast
  7786 | Lair:1   | Found a dark tunnel.
  7786 | Lair:1   | Noticed a lindwurm
  7795 | Volcano  | Entered a volcano
  7862 | Volcano  | XOM: summons friendly ufetubus
  7944 | Volcano  | XOM: divination: magic mapping
  8118 | Volcano  | XOM: enchant monster (bad)
  8164 | Volcano  | XOM: divination: magic mapping
  8191 | Volcano  | XOM: silly message
  8245 | Volcano  | Reached XP level 11. HP: 105/105 MP: 12/12
  8249 | Volcano  | XOM: noise
  8253 | Volcano  | Noticed a lindwurm
  8260 | Volcano  | Noticed a fire crab
  8271 | Volcano  | Killed a lindwurm
  8271 | Volcano  | Reached skill level 10 in Fighting
  8271 | Volcano  | XOM: potion effect (might)
  8272 | Volcano  | Killed a fire crab
  8283 | Volcano  | Found a radiant altar of Vehumet.
  8385 | Lair:1   | XOM: confuse monster(s)
  8385 | Lair:1   | Killed a lindwurm
  8697 | Lair:1   | Noticed an eight-headed hydra
  8707 | Lair:1   | Noticed an ettin
  8707 | Lair:1   | an eight-headed hydra changed into an ettin
  8707 | Lair:1   | XOM: polymorph eight-headed hydra -> ettin
  9027 | Lair:2   | XOM: enchant monster (good)
  9046 | Lair:2   | XOM: divination: detect creatures
  9048 | Lair:2   | XOM: harmless Conj miscast
  9383 | Lair:2   | Noticed an eight-headed hydra
  9402 | Lair:2   | Killed an eight-headed hydra
  9443 | Lair:2   | XOM: scenery: create altars
  9555 | Lair:2   | XOM: scenery: create altars
  9711 | Lair:2   | XOM: cast spell 'Metabolic Englaciation'
  9943 | Lair:2   | Reached skill level 5 in Throwing
  9968 | Lair:2   | XOM: give mutations
  9968 | Lair:2   | Gained mutation: Your body sometimes deteriorates upon
                  | taking damage. [Xom's mischief]
  9968 | Lair:2   | Gained mutation: You are very dopey. (Int -4) [Xom's
                  | mischief]
  9968 | Lair:2   | Lost mutation: You are frail. (-10% HP) [Xom's mischief]
 10126 | Lair:2   | Noticed an oklob plant
 10152 | Lair:2   | XOM: confusion (+ monsters)
 10179 | Lair:2   | Noticed an oklob plant
 10225 | Lair:2   | XOM: mild Ice miscast
 10226 | Lair:2   | Found a staircase to the Swamp.
 10236 | Lair:2   | XOM: smoke on damage
 10765 | Lair:3   | XOM: noise
 10773 | Lair:3   | XOM: swap monsters
 10777 | Lair:3   | XOM: enchant monster (good)
 10782 | Lair:2   | XOM: noise
 10783 | Lair:2   | HP: 4/119 [redback (5)]
 10784 | Lair:2   | Succumbed to a redback's poison

Skill      XL: |  1  2  3  4  5  6  7  8  9 10 11 |
---------------+----------------------------------+-----
Unarmed Combat | 1 2 3 5 7 8 10 | 10.0
Fighting       | 3 4 5 6 7 9 10 | 10.6
Throwing       | 3 5 |  5.2
Dodging        | 3 5 6 |  6.5
Evocations     | 3 4 |  4.7
Maces & Flails | |  3.0

Action                   |  1- 3 |  4- 6 |  7- 9 | 10-12 || total
-------------------------+-------+-------+-------+-------++-------
Melee: Unarmed           |    90 |    74 |   303 |   281 ||   748
       Mace              |     7 |       |     2 |       ||     9
       Punch             |       |     1 |     4 |    15 ||    20
 Fire: Blowgun           |       |       |     5 |       ||     5
Throw: Stone             |    83 |    66 |   138 |    75 ||   362
       Tomahawk          |       |       |       |    39 ||    39
Evoke: Wand              |       |       |       |     8 ||     8
  Use: Potion            |       |       |     9 |       ||     9
       Scroll            |       |       |    11 |     1 ||    12
 Stab: Confused          |       |     1 |     1 |     1 ||     3
       Sleeping          |       |     1 |       |     1 ||     2
       Distracted        |       |       |     1 |     1 ||     2
  Eat: Chunk             |    14 |     9 |    22 |    26 ||    71
Armor: Skin              |    23 |    25 |   111 |   108 ||   267
Dodge: Dodged            |    44 |    38 |   139 |   172 ||   393
